 Dungeon Crawl Stone Soup version 0.17.1-3-g152610e (webtiles) character file.

599 Pidor the Caller (level 7, -1/36 HPs)
             Began as a Deep Elf Summoner on Apr 11, 2016.
             Was an Initiate of Sif Muna.
             Slain by a sky beast (6 damage)
             ... on level 6 of the Dungeon.
             The game lasted 00:21:44 (8245 turns).

Pidor the Caller (Deep Elf Summoner)                Turns: 8245, Time: 00:21:44

Health: -1/36      AC:  5    Str:  7    XL:     7   Next: 17%
Magic:  7/26       EV: 12    Int: 20    God:    Sif Muna [......]
Gold:   406        SH:  0    Dex: 13    Spells: 5 memorised, 4 levels left

rFire  . . .     SeeInvis +     z - +2 whip (drain)
rCold  . . .     Clarity  .     a - +0 robe
rNeg   . . .     SustAt   .     (no shield)
rPois  .         Gourm    .     (no helmet)
rElec  .         Spirit   .     l - +0 cloak
rCorr  .         Warding  .     t - +0 pair of gloves
rMut   .         Stasis   .     g - +0 pair of boots
MR     .....                    (no amulet)
Stlth  ++........               (no ring)
                                x - ring of magical power

@: very slightly contaminated, not resistant to hostile enchantments, unstealthy
A: see invisible, clumsy 1, sense surroundings 1
a: Renounce Religion


You were on level 6 of the Dungeon.
You worshipped Sif Muna.
Sif Muna was noncommittal.
You were very hungry.

You visited 2 branches of the dungeon, and saw 7 of its levels.

You collected 406 gold pieces.

Inventory:

Hand Weapons
 m - a +0 trident of freezing
 z - a +2 whip of draining (weapon)
 C - a +1 vampiric short sword
Armour
 a - a +0 robe (worn)
 g - a +0 pair of boots (worn)
 l - a +0 cloak (worn)
 t - a +0 pair of gloves (worn)
 y - a cursed -2 buckler
Jewellery
 x - a ring of magical power (left hand)
Wands
 i - a wand of slowing (25)
 p - a wand of fire (6)
 E - a wand of flame (27)
 J - a wand of draining (8)
Scrolls
 f - 2 scrolls of remove curse
 h - 2 scrolls of fog {unknown}
 j - 3 scrolls of noise
 o - a scroll of enchant armour {unknown}
 r - a scroll of recharging {unknown}
 u - 4 scrolls of teleportation {unknown}
 w - 2 scrolls of amnesia {unknown}
 B - a scroll of enchant weapon {unknown}
Potions
 d - a potion of invisibility
 e - a potion of flight
 n - a potion of lignification {unknown}
 q - a potion of poison {unknown}
 v - 2 potions of brilliance {unknown}
 A - a potion of cure mutation
 D - a potion of agility {unknown}
 G - a potion of haste {unknown}
 H - a potion of curing {unknown}
 I - 2 potions of heal wounds
Books
 b - a book of Callings

   Spells                             Type                      Level
   a - Summon Small Mammal            Summoning                    1
   b - Call Imp                       Summoning                    2
   c - Call Canine Familiar           Summoning                    3
   d - Summon Guardian Golem          Hexes/Summoning              3
   e - Summon Lightning Spire         Summoning/Air                4
   f - Summon Ice Beast               Ice/Summoning                4
 F - a book of Necromancy

   Spells                             Type                      Level
   a - Pain                           Necromancy                   1
   b - Animate Skeleton               Necromancy                   1
   c - Vampiric Draining              Necromancy                   3
   d - Regeneration                   Charms/Necromancy            3
   e - Animate Dead                   Necromancy                   4
   f - Control Undead                 Necromancy                   4
Miscellaneous
 k - a plain deck of wonders
Comestibles
 c - 5 bread rations
 s - 6 meat rations


   Skills:
 - Level 2.4 Dodging
 - Level 2.4 Stealth
 + Level 5.9 Spellcasting
 * Level 2.3 Charms
 - Level 6.4 Summonings
 * Level 1.7 Necromancy
 * Level 4.5 Ice Magic
 + Level 0.0 Invocations


You had 4 spell levels left.
You knew the following spells:

 Your Spells              Type           Power        Failure   Level  Hunger
a - Summon Small Mammal   Summ           ####         1%          1    None
b - Call Imp              Summ           ####....     1%          2    None
c - Call Canine Familiar  Summ           ####....     2%          3    ##.....
d - Summon Ice Beast      Ice/Summ       ####....     14%         4    ####...
e - Regeneration          Chrm/Necr      ##........   14%         3    ##.....


Dungeon Overview and Level Annotations

Branches:
Dungeon (6/15)             Temple (1/1) D:5

Altars:
Ashenzari
Cheibriados
Dithmenos
Elyvilon
Fedhas
Gozag
Kikubaaqudgha
Makhleb
Nemelex Xobeh
Okawaru
Qazlal
Ru
Sif Muna
Vehumet
Xom
Yredelemnul
Zin


Innate Abilities, Weirdness & Mutations

You have supernaturally acute eyesight.
You are clumsy. (Dex -2)
You passively map a small area around you.


Message History

Confirm with . or Enter, or press ? or * to list all spells.
A shadowy apparition takes form in the air.
Your hound bites the sky beast.
The ice beast hits you but does no damage.
Your ice beast barely misses the sky beast.
Casting: Call Imp
Confirm with . or Enter, or press ? or * to list all spells.
A beastly little devil appears in a puff of flame.
The ice beast completely misses you.
Your hound bites the sky beast.
Your shadow imp hits the ice beast but does no damage.
Casting: Call Imp
Confirm with . or Enter, or press ? or * to list all spells.
A beastly little devil appears in a puff of flame.
Your hound bites the ice beast but does no damage.
The ice beast barely misses you.
Your ice beast hits the ice beast but does no damage.
The sky beast hits you.
* * * LOW HITPOINT WARNING * * *
The sky beast shocks you.
You die...

#.......##
#.....#.# ##.....##
#......# #.....##
#####.# ##.# #..#
#@#############
###YYY..........##
##.555h.........[.#
*
#.......Y..........
#..................
#..................
##.................
##################


You could see an ice beast, a sky beast, 2 friendly ice beasts, a friendly
hound, 2 friendly crimson imps and a friendly shadow imp.

Vanquished Creatures
  A giant frog zombie (D:5)
  A hound (D:6)
  5 adders
  3 giant geckos
  3 orcs (D:3)
  8 bats
  3 giant cockroaches
  8 goblins
  10 hobgoblins
  3 jackals (D:3)
  7 kobolds
  A ball python (D:2)
  4 giant newts (D:2)
  7 rats
64 creatures vanquished.

Vanquished Creatures (collateral kills)
  Sigmund (D:4)
  Edmund (D:4)
  A phantom (D:4)
  An ogre (D:5)
  A scorpion (D:5)
  A crimson imp (D:4)
  A hound (D:4)
  A giant frog skeleton (D:5)
  2 worker ants
  A killer bee zombie (D:5)
  4 gnolls (D:2)
  3 adders
  2 worms
  A giant gecko (D:2)
  3 orcs
  A ball python (D:1)
  A giant cockroach (D:3)
  A goblin (D:2)
  3 hobgoblins
  3 jackals (D:3)
  3 kobolds
  A quokka (D:3)
  2 rats
39 creatures vanquished.

Grand Total: 103 creatures vanquished

Notes
Turn   | Place    | Note
--------------------------------------------------------------
     0 | D:1      | Pidor the Deep Elf Summoner began the quest for the Orb.
     0 | D:1      | Reached XP level 1. HP: 10/10 MP: 6/6
   956 | D:1      | Reached XP level 2. HP: 4/15 MP: 5/8
  1089 | D:1      | Learned a level 2 spell: Call Imp
  2660 | D:2      | Reached XP level 3. HP: 3/19 MP: 7/10
  3007 | D:2      | Reached skill level 5 in Summonings
  3479 | D:2      | Reached XP level 4. HP: 24/24 MP: 5/12
  3873 | D:3      | HP: 1/24 [orc/trident (4)]
  4348 | D:3      | Learned a level 3 spell: Call Canine Familiar
  4353 | D:3      | Learned a level 4 spell: Summon Ice Beast
  4732 | D:3      | Found a shadowy altar of Dithmenos.
  5389 | D:3      | Reached skill level 1 in Ice Magic
  5674 | D:4      | HP: 1/24 [worker ant (6)]
  5676 | D:4      | Reached XP level 5. HP: 16/28 MP: 14/14
  5679 | D:4      | Gained mutation: You passively map a small area around you. [potion of mutation]
  5679 | D:4      | Gained mutation: You are clumsy. (Dex -2) [potion of mutation]
  5679 | D:4      | Gained mutation: You have supernaturally acute eyesight. [potion of mutation]
  5684 | D:4      | Reached skill level 5 in Spellcasting
  5830 | D:4      | Noticed a phantom
  5869 | D:4      | Killed a phantom
  5869 | D:4      | Reached skill level 6 in Summonings
  5998 | D:4      | Found a sparkling altar of Nemelex Xobeh.
  5999 | D:4      | Noticed Edmund
  6030 | D:4      | Killed Edmund
  6030 | D:4      | Reached XP level 6. HP: 32/32 MP: 3/16
  6376 | D:4      | Noticed Sigmund
  6387 | D:4      | Killed Sigmund
  6484 | D:4      | Found a radiant altar of Vehumet.
  6485 | D:4      | Found a burning altar of Makhleb.
  6859 | D:4      | Learned a level 3 spell: Regeneration
  6947 | D:5      | Entered Level 5 of the Dungeon
  6947 | D:5      | Found a staircase to the Ecumenical Temple.
  6972 | Temple   | Entered the Ecumenical Temple
  6976 | Temple   | Became a worshipper of Sif Muna the Loreminder
  7059 | D:5      | Reached skill level 1 in Charms
  7059 | D:5      | Reached skill level 1 in Necromancy
  7469 | D:5      | Reached XP level 7. HP: 14/36 MP: 17/17
  8203 | D:6      | Found a glowing silver altar of Zin.
  8245 | D:6      | Slain by a sky beast

Action                   |  1- 3 |  4- 6 |  7- 9 || total
-------------------------+-------+-------+-------++-------
Melee: Unarmed           |    55 |       |       ||    55
       Dagger            |   155 |    94 |       ||   249
       Whip              |       |   127 |    15 ||   142
 Cast: Summon Small Mamm |    11 |    11 |       ||    22
       Call Imp          |    11 |    25 |     3 ||    39
       Call Canine Famil |       |    13 |     3 ||    16
       Summon Ice Beast  |       |    11 |     2 ||    13
  Use: Scroll            |       |     5 |     1 ||     6
       Potion            |       |     6 |       ||     6
 Stab: Sleeping          |     7 |     7 |       ||    14
       Distracted        |       |     1 |       ||     1
  Eat: Chunk             |     6 |    12 |       ||    18
       Royal jelly       |     1 |       |       ||     1
       Fruit             |       |     4 |     2 ||     6
